 Dungeon Crawl Stone Soup version 0.27.1-33-g824d729ab1 (webtiles) character file.

Game seed: 6920231838384992515

280126 L75 the Warrior (level 20, -22/142 HPs)
             Began as a Gargoyle Berserker on Dec 28, 2021.
             Was the Champion of Trog.
             Killed from afar by Margery (39 damage)
             ... with a fireball
             ... on level 3 of the Vaults on Dec 30, 2021.
             The game lasted 15:20:54 (58034 turns).

L75 the Warrior (Gargoyle Berserker)               Turns: 58034, Time: 15:20:55

Health: -22/142    AC: 37    Str: 31    XL:     20   Next: 87%
Magic:  0/6        EV: 11    Int:  7    God:    Trog [******]
Gold:   2209       SH:  0    Dex:  5    Spells: 19/19 levels left

rFire    + . .     SeeInvis +   M - +6 battleaxe (antimagic)
rCold    + + .     Faith    .   (shield currently unavailable)
rNeg     + + +     Spirit   +   B - +2 scale mail {rC+}
rPois    ∞         Reflect  .   t - +2 helmet of Negligence {+Inv Dex-4 SInv}
rElec    +         Harm     .   c - scarf {rC+ rF+}
rCorr    .         Rampage  .   Y - +1 pair of gloves of Prudence {rF- rC+ rN+++ Stlth-}
Will     +....                  S - +1 pair of boots
Stlth    +++.......             H - amulet of guardian spirit
HPRegen  0.33/turn              r - ring of fire
MPRegen  0.10/turn              x - +4 ring of slaying

@: on berserk cooldown, flying, slowed, very slow
A: sickness immunity, AC +15, big wings, negative energy resistance 1,
electricity resistance, torment resistance 1, petrification resistance
}: 1/15 runes: gossamer
a: Renounce Religion, Evoke Invisibility, Berserk, Trog's Hand, Brothers in Arms


You were on level 3 of the Vaults.
You worshipped Trog.
Trog was exalted by your worship.
You visited 7 branches of the dungeon, and saw 35 of its levels.

You collected 3245 gold pieces.
You spent 1036 gold pieces at shops.

Inventory:

Hand Weapons
 a - the +9 broad axe of the Dungeon {flame, rCorr Dex+7}
   (Trog gifted it to you on level 2 of the Shoals)

   It burns those it strikes, dealing additional fire damage.
   Big, fiery blades are also staple armaments of hydra-hunters.
   Dex:       It affects your dexterity (+7).
   rCorr:     It protects you from acid and corrosion.
 b - the +2 hunting sling of the Grave {vorpal, rElec Str+5}
   (You found it on level 10 of the Dungeon)

   Any ammunition fired from it inflicts extra damage upon your enemies.
   Str:       It affects your strength (+5).
   rElec:     It insulates you from electricity.
 I - a +1 trishula of holy wrath
 K - a +5 demon whip
 M - a +6 antimagic battleaxe (weapon)
 N - a +3 antimagic demon trident
 V - the +10 halberd "Tasa" {flame, +Rage rF- rC++ Str+4}
   (Trog gifted it to you on level 14 of the Dungeon)

   It burns those it strikes, dealing additional fire damage.
   Big, fiery blades are also staple armaments of hydra-hunters.
   Str:       It affects your strength (+4).
   rF:        It makes you vulnerable to fire.
   rC:        It greatly protects you from cold.
   +Rage:     It lets you go berserk.
Missiles
 h - 313 sling bullets
 A - 4 throwing nets
 R - 20 javelins (quivered)
Armour
 c - a scarf of resistance (worn)
 n - a +0 tower shield
 q - a +0 kite shield of reflection
 t - the +2 helmet of Negligence (worn) {+Inv Dex-4 SInv}
   (You found it on level 5 of the Lair of Beasts)

   Dex:       It affects your dexterity (-4).
   SInv:      It lets you see invisible.
   +Inv:      It lets you turn invisible.
 B - a +2 scale mail of cold resistance (worn)
 Q - a +0 plate armour
 S - a +1 pair of boots (worn)
 Y - the +1 pair of gloves of Prudence (worn) {rF- rC+ rN+++ Stlth-}
   (You found it on level 5 of the Lair of Beasts)

   rF:        It makes you vulnerable to fire.
   rC:        It protects you from cold.
   rN:        It renders you almost immune to negative energy.
   Stlth:     It makes you less stealthy.
Jewellery
 r - a ring of fire (left hand)
 u - a +6 ring of strength
 x - a +4 ring of slaying (right hand)
 H - an amulet of guardian spirit (around neck)
Wands
 l - a wand of digging (11)
 p - a wand of mindburst (6)
 E - a wand of acid (22)
 G - a wand of iceblast (63)
 O - a wand of charming (5)
 W - a wand of polymorph (21)
Scrolls
 o - 5 scrolls of fear
 s - 2 scrolls of brand weapon
 v - 5 scrolls of enchant armour
 y - 6 scrolls of fog
 z - 12 scrolls of teleportation
 C - 5 scrolls of enchant weapon
 F - a scroll of blinking
 J - 2 scrolls of holy word
 L - 2 scrolls of summoning
 P - 11 scrolls of identify
 T - 6 scrolls of magic mapping
 Z - 2 scrolls of silence
Potions
 d - 7 potions of heal wounds
 f - 4 potions of haste
 g - 2 potions of invisibility
 i - 5 potions of ambrosia
 j - 8 potions of might
 k - 9 potions of curing
 m - 2 potions of cancellation
 w - 3 potions of resistance
 D - 3 potions of mutation
 X - 3 potions of attraction
Miscellaneous
 e - a tin of tremorstones (2/2)
 U - a phantom mirror


   Skills:
 * Level 20.7 Fighting
 - Level 17.7(18.0) Axes
 - Level 3.0(13.2) Maces & Flails
 + Level 3.8(12.5) Polearms
 + Level 5.9(7.1) Slings
 - Level 6.0(7.1) Throwing
 + Level 17.1 Armour
 - Level 6.0 Dodging
 - Level 15.0 Stealth
 - Level 15.0 Shields
 + Level 4.7 Evocations


You had 19 spell levels left.
You didn't know any spells.
Your spell library was empty.

Dungeon Overview and Level Annotations

Branches:
Dungeon (15/15)            Temple (1/1) D:5            Lair (6/6) D:8
 Shoals (4/4) Lair:4       Spider (4/4) Lair:4        Slime (0/5) Lair:6
    Orc (2/2) D:11            Elf (0/3) Orc:2        Vaults (3/5) D:13
  Crypt (0/3) Vaults:3     Depths (0/5) D:15

Altars:
Ashenzari
Cheibriados
Dithmenos
Elyvilon
Fedhas
Gozag
Hepliaklqana
Kikubaaqudgha
Makhleb
Nemelex Xobeh
Okawaru
Qazlal
Ru
Sif Muna
Trog
Uskayaw
Vehumet
Wu Jian
Xom
Yredelemnul
Zin
The Shining One
Beogh

Shops:
D:3 *   D:6 :   D:11 (   D:12 (=   Orc:2 :?[*   Shoals:1 !   Shoals:2 =

Annotations:
Shoals:4 Nikola
Vaults:3 Jory, Margery, Xtahua


Innate Abilities, Weirdness & Mutations

You are immune to sickness and miasma.
Your stone body is resilient. (AC +15)
You are immune to poison.
Your large and strong wings let you fly.
You resist negative energy. (rN+)
You are resistant to electric shocks. (rElec)
You are resistant to unholy torment.
You are immune to petrification.


Message History

a +0 battleaxe; a +0 ring mail You feel your anger nearly subside.
You are no longer berserk.
You are exhausted.
You feel yourself slow down.
Press: ? - help, v - describe, . - travel
Here: a hell knight, wielding a +3 glaive and wearing a +0 chain mail The floor.
Margery hits you but does no damage.
Margery hits you with a +4 halberd of flaming!!
Margery burns you.
The hell knight hits you but does no damage.
Margery misses you.
Things that are here:
a +0 battleaxe; a +0 ring mail You slice Margery!!
Margery's magic leaks into the air.
Margery is moderately wounded.
The hell knight hits you from afar with a +3 glaive!
Margery hits you with a +4 halberd of flaming!
Margery burns you.
Press: ? - help, v - describe, . - travel
Here: a hell knight, wielding a +3 glaive and wearing a +0 chain mail The floor.
The hell knight casts a spell.
The hell knight seems to speed up.
Margery points at you and mumbles some strange words.
The fireball explodes!
The fireball engulfs you!! You resist.
* * * LOW HITPOINT WARNING * * *
Margery hits you from afar with a +4 halberd of flaming!
* * * LOW HITPOINT WARNING * * *
Margery burns you.
* * * LOW HITPOINT WARNING * * *
You hear a shout!
You see here a +0 scale mail.
There is a stone staircase leading up here.
Margery points at you and mumbles some strange words.
The fireball explodes!
The fireball engulfs you! You resist.
* * * LOW HITPOINT WARNING * * *
Margery points at you and mumbles some strange words.
The fireball explodes!
The fireball engulfs you!!! You resist.
You die...

#..#....)....#....#.......#
#..#######+#'#....#########
#....................)....)
#......................)[.)
#........[....[)...........
#.......#####)##...........
#.......#...@..#...........
#.......#..[p..#......)....
#.......#.@.[..#...........
#.......#.)....#...........
#.......#......#...........
#.......#......#...........
#.......########..........#
#..............)..........#
#.............##########..#
#..########...#........#..#
#..#......#...#........#..#


You could see Margery and a hell knight (fast).

Vanquished Creatures
  Mennas (Vaults:2)
  Saint Roka (Orc:2)
  Arachne (Spider:4)
  Rupert (Lair:6)
  A sphinx (Vaults:3)
  Polyphemus (Shoals:2)
  Gastronok (D:10)
  2 tengu reavers (Vaults:3)
  Donald (Orc:2)
  6 vault wardens
  3 ghost moths (Spider:4)
  4 emperor scorpions
  2 orc warlords
  6 ironbound preservers
  A war gargoyle (Vaults:3)
  2 stone giants
  5 very ugly things
  Nessos (Orc:2)
  A dire elephant (Vaults:3)
  4 entropy weavers
  2 merfolk javelineers (Shoals:4)
  2 spark wasps (Spider:4)
  An ettin (Orc:2)
  Snorg (D:10)
  Josephine (Lair:6)
  A crystal guardian (Vaults:3)
  6 merfolk impalers
  13 vault guards
  5 yaktaur captains
  12 hydras
  2 ironbound thunderhulks
  5 ogre magi
  2 catoblepae
  A peacekeeper (Vaults:3)
  3 merfolk avatars
  Erolcha (D:9)
  Erica (D:9)
  3 boulder beetles
  2 alligator snapping turtles (Shoals:4)
  5 centaur warriors
  7 ironbound frosthearts
  5 merfolk aquamancers (Shoals:4)
  Harold (D:8)
  19 two-headed ogres
  2 death knights (Vaults:3)
  3 death yaks
  4 satyrs
  A dancing weapon (Vaults:3)
  4 tengu warriors
  3 hell knights (Vaults:3)
  3 ironbound beastmasters
  A goliath frog (Lair:6)
  8 sea snakes
  4 skeletal warriors (D:14)
  11 ironbound convokers
  12 deep trolls
  6 wizards
  24 orb spiders
  2 lindwurms
  17 harpies
  An orc knight (D:13)
  29 wolf spiders
  A necromancer (Vaults:3)
  An orc sorcerer (Orc:2)
  4 moths of wrath
  13 manticores
  12 fauns
  4 cyclopes
  40 ugly things
  9 elephants
  Joseph (D:9)
  9 merfolk sirens
  2 orange demons (D:13)
  4 black mambas
  7 vault sentinels
  11 water nymphs
  30 cane toads
  A gargoyle (D:13)
  2 torpor snails
  An unseen horror (D:12)
  3 rime drakes
  9 yaktaurs
  Psyche (D:10)
  2 unseen horrors (shapeshifter)
  A tengu conjurer (D:13)
  23 demonic crawlers
  7 komodo dragons
  A troll (shapeshifter) (D:15)
  15 merfolk
  8 trolls
  A polar bear (Lair:6)
  3 tyrant leeches (Lair:6)
  15 wind drakes
  41 jumping spiders
  6 hornets
  16 slime creatures
  28 blink frogs
  8 snapping turtles
  18 dream sheep
  9 air elementals (Shoals:4)
  15 tarantellas
  A vampire (D:11)
  9 wyverns
  59 redbacks
  5 wraiths
  48 yaks
  15 water elementals
  3 humans
  A steam dragon (D:6)
  10 basilisks
  16 vampire mosquitoes
  A warg (Orc:2)
  2 acid dragons
  17 water moccasins
  3 ice beasts
  23 orc warriors
  2 sky beasts (D:6)
  31 ogres
  A boggart (Vaults:1)
  4 black bears
  15 wolves
  11 centaurs
  A centaur (shapeshifter) (D:15)
  A phantom (D:7)
  A kobold brigand (D:8)
  21 bullfrogs
  2 gnoll sergeants
  7 scorpions
  8 wights
  7 howler monkeys
  7 electric eels
  A bullfrog zombie (D:3)
  3 jellies
  5 centaur zombies
  4 hounds
  2 gnoll shamans
  10 orc priests
  A bullfrog skeleton (D:6)
  3 iguanas
  22 orc wizards
  A scorpion zombie (D:5)
  A hound skeleton (D:5)
  A howler monkey zombie (D:6)
  16 gnolls
  9 adders
  2 shadow imps
  3 white imps
  2 ufetubi (D:6)
  2 dart slugs
  73 orcs
  7 ball pythons
  7 endoplasms
  A giant cockroach (D:2)
  5 goblins
  A hobgoblin (D:1)
  4 jackals (D:2)
  12 kobolds
  9 bats
  2 goblin skeletons (D:7)
  A goblin zombie (D:7)
  3 hobgoblin zombies (D:7)
  2 kobold skeletons (D:7)
  2 kobold zombies (D:7)
  2 orc zombies (D:7)
  4 rats
1218 creatures vanquished.

Vanquished Creatures (collateral kills)
  Sojobo (Vaults:2)
  2 emperor scorpions
  The ghost of GameOver the Thaumaturge, a journeyman NaWz of Gozag (Lair:5)
  A boulder beetle (Lair:5)
  A wolf spider (Spider:1)
  A torpor snail (Spider:1)
  A demonic crawler (Spider:1)
8 creatures vanquished.

Vanquished Creatures (others)
  A hornet (Spider:4)
  A redback (Spider:1)
  An orc warrior (Orc:2)
  43 fungi
  241 plants
  A withered plant (Shoals:2)
288 creatures vanquished.

Grand Total: 1514 creatures vanquished

Notes
Turn   | Place    | Note
-------+----------+-------------------------------------------
     0 | D:1      | L75 the Gargoyle Berserker began the quest for the Orb.
     0 | D:1      | Reached XP level 1. HP: 14/14 MP: 1/1
   481 | D:1      | Reached XP level 2. HP: 16/19 MP: 2/2
  1271 | D:1      | Reached XP level 3. HP: 22/24 MP: 3/3
  1556 | D:3      | Found Qurphirhy's General Store.
  1566 | D:3      | Reached ** piety under Trog
  1567 | D:3      | Reached skill level 4 in Fighting
  1567 | D:3      | Reached XP level 4. HP: 14/29 MP: 4/4
  1955 | D:2      | Found a bloodstained altar of Trog.
  2238 | D:2      | Reached skill level 1 in Throwing
  2791 | D:3      | Reached XP level 5. HP: 27/33 MP: 5/5
  2944 | D:3      | Found a hide-covered altar of Uskayaw.
  2980 | D:3      | Found a faded altar of an unknown god.
  3412 | D:4      | Reached skill level 1 in Shields
  4052 | D:3      | Reached XP level 6. HP: 21/38 MP: 6/6
  5043 | D:5      | Entered Level 5 of the Dungeon
  5119 | D:4      | Reached *** piety under Trog
  5120 | D:4      | Reached XP level 7. HP: 39/43 MP: 7/7
  5373 | D:5      | Found a staircase to the Ecumenical Temple.
  5718 | D:5      | Reached skill level 5 in Axes
  6060 | D:4      | Reached skill level 5 in Armour
  6509 | D:4      | Reached XP level 8. HP: 43/48 MP: 8/8
  6714 | D:5      | Found a shimmering blue altar of Sif Muna.
  6950 | D:5      | Reached skill level 5 in Shields
  7129 | Temple   | Entered the Ecumenical Temple
  7486 | D:6      | Found an ornate altar of the Wu Jian Council.
  7579 | D:6      | Found Caekh's Self-Improvement Boutique.
  7652 | D:7      | Noticed a wyvern
  7713 | D:6      | Found a sacrificial altar of Ru.
  7769 | D:6      | Reached XP level 9. HP: 52/52 MP: 9/9
  8936 | D:6      | Reached skill level 5 in Fighting
  9583 | D:6      | Found an ornate altar of the Wu Jian Council.
  9614 | D:6      | Found a sacrificial altar of Ru.
  9950 | D:5      | HP: 2/54 [orc warrior (18)]
 10682 | D:6      | Found Caekh's Self-Improvement Boutique.
 11493 | D:6      | Reached skill level 6 in Fighting
 11835 | D:7      | Found a glowing golden altar of the Shining One.
 12013 | D:6      | Reached **** piety under Trog
 12218 | D:7      | Found a broken altar of Ashenzari.
 12639 | D:8      | Reached XP level 10. HP: 61/61 MP: 10/10
 12769 | D:8      | Found a burning altar of Makhleb.
 13110 | D:8      | Reached skill level 7 in Fighting
 13637 | D:8      | Found a staircase to the Lair.
 13643 | D:8      | Noticed Harold
 13688 | D:7      | Reached skill level 8 in Fighting
 14019 | D:8      | Reached skill level 10 in Axes
 14297 | D:8      | Killed Harold
 14298 | D:8      | Reached skill level 9 in Fighting
 14319 | D:8      | Reached XP level 11. HP: 60/71 MP: 11/11
 14370 | D:9      | Noticed a two-headed ogre
 14370 | D:9      | Noticed Erolcha
 14378 | D:8      | Killed a two-headed ogre
 14441 | Lair:1   | Entered Level 1 of the Lair of Beasts
 14805 | Lair:1   | Reached skill level 10 in Fighting
 14894 | Lair:1   | Reached skill level 1 in Maces & Flails
 14912 | Lair:1   | Reached skill level 1 in Polearms
 15261 | Lair:2   | Reached ***** piety under Trog
 16419 | Lair:2   | Identified a scroll of acquirement
 16419 | Lair:2   | Acquired a manual of Shields
 16444 | Lair:2   | Reached XP level 12. HP: 79/79 MP: 12/12
 16579 | Lair:2   | Reached skill level 10 in Shields
 17272 | Lair:2   | Noticed a four-headed hydra
 17472 | Lair:2   | Killed a one-headed hydra
 17781 | Lair:3   | Noticed an eight-headed hydra
 17792 | Lair:3   | Noticed an eight-headed hydra
 17941 | Lair:3   | Noticed a five-headed hydra
 17950 | Lair:3   | Killed a one-headed hydra
 18281 | Lair:3   | Killed a four-headed hydra
 18562 | Lair:3   | Noticed a five-headed hydra
 18573 | Lair:3   | Killed a one-headed hydra
 18620 | Lair:3   | Reached skill level 15 in Shields
 18777 | Lair:3   | Killed a four-headed hydra
 18778 | Lair:3   | Reached skill level 11 in Fighting
 18982 | Lair:4   | Reached XP level 13. HP: 78/84 MP: 13/13
 19305 | Lair:4   | Reached skill level 1 in Evocations
 20112 | Lair:4   | Found a staircase to the Shoals.
 20355 | Lair:4   | Found a hole to the Spider Nest.
 21088 | Lair:5   | Found a transporter.
 21091 | Lair:5   | Noticed GameOver's ghost (journeyman NaWz)
 21142 | Lair:5   | Reached skill level 12 in Fighting
 21248 | Lair:5   | Found a transporter.
 21618 | Lair:6   | Entered Level 6 of the Lair of Beasts
 21618 | Lair:6   | Found a staircase to the Slime Pits.
 21648 | Lair:6   | Received a gift from Trog
 21666 | Lair:6   | HP: 3/86 [blink frog (8)]
 22573 | Lair:6   | Gained mutation: Your large and strong wings let you fly.
                  | [Gargoyle growth]
 22573 | Lair:6   | Reached XP level 14. HP: 85/92 MP: 14/14
 22840 | Lair:6   | Reached ****** piety under Trog
 22843 | Lair:6   | Received a gift from Trog
 23055 | Lair:6   | Reached skill level 10 in Armour
 23141 | Lair:6   | Reached skill level 13 in Fighting
 23510 | Lair:6   | Reached skill level 5 in Dodging
 23520 | Lair:6   | Noticed Rupert
 23699 | Lair:6   | Killed Rupert
 23884 | Lair:6   | Identified the +5 spear of Mana {drain, Int+3 Dex+7}
 23884 | Lair:6   | Identified the +0 buckler "Gixe" {rPois Regen+ Slay+2}
 23884 | Lair:6   | Noticed Josephine
 23898 | Lair:6   | Killed Josephine
 24252 | Spider:1 | Entered Level 1 of the Spider Nest
 24267 | Spider:1 | Noticed an entropy weaver
 24276 | Lair:4   | Killed an entropy weaver
 25200 | Spider:1 | Noticed an emperor scorpion
 25228 | Spider:1 | Killed an emperor scorpion
 25229 | Spider:1 | Reached XP level 15. HP: 54/100 MP: 5/15
 25942 | Spider:2 | Reached skill level 14 in Fighting
 26701 | Spider:2 | Received a gift from Trog
 28349 | Spider:3 | Noticed an emperor scorpion
 28565 | Spider:3 | Killed an emperor scorpion
 29904 | Spider:4 | Entered Level 4 of the Spider Nest
 29910 | Spider:4 | Received a gift from Trog
 29967 | Spider:4 | Noticed Arachne
 30368 | Spider:4 | Killed Arachne
 30369 | Spider:4 | Reached XP level 16. HP: 90/107 MP: 5/16
 31030 | Spider:4 | Reached skill level 5 in Throwing
 31356 | Spider:4 | Reached skill level 15 in Fighting
 34084 | Spider:4 | Received a gift from Trog
 34370 | Spider:4 | Got a gossamer rune of Zot
 35015 | Lair:5   | Reached skill level 15 in Axes
 35021 | Lair:5   | Killed GameOver's ghost
 35056 | Lair:5   | Identified the +1 pair of gloves of Prudence {rF- rC+ rN+++
                  | Stlth-}
 35060 | Lair:5   | Identified the +2 helmet of Negligence {+Inv Dex-4 SInv}
 35640 | D:9      | Noticed Joseph
 35792 | D:9      | Killed Erolcha
 35797 | D:9      | Killed Joseph
 35967 | D:9      | Noticed Erica
 35975 | D:9      | Killed Erica
 36023 | D:10     | Entered Level 10 of the Dungeon
 36111 | D:10     | Noticed Snorg
 36136 | D:10     | Killed Snorg
 36305 | D:10     | Found a basalt altar of Yredelemnul.
 36406 | D:10     | Identified the +2 hunting sling of the Grave {vorpal, rElec
                  | Str+5}
 36597 | D:9      | Found a sparkling altar of Nemelex Xobeh.
 36794 | D:10     | Noticed Gastronok
 36810 | D:10     | Killed Gastronok
 36811 | D:10     | Reached XP level 17. HP: 115/115 MP: 17/17
 36932 | D:10     | Noticed Psyche
 36947 | D:10     | Killed Psyche
 37243 | D:10     | Found a blossoming altar of Fedhas.
 37243 | D:10     | Found a shadowy altar of Dithmenos.
 37244 | D:10     | Found a glowing silver altar of Zin.
 37379 | D:11     | Reached skill level 1 in Slings
 37500 | D:11     | Found Isetoah's Antique Weapon Boutique.
 37965 | D:11     | Found a staircase to the Orcish Mines.
 38166 | D:12     | Found Wukakk's Weapon Boutique.
 38179 | D:12     | Found Ocrothif's Jewellery Shop.
 38230 | D:12     | Reached skill level 16 in Fighting
 38853 | D:12     | Identified the +4 glaive of Umior Zoe {distort, rC+ Int+2}
 39324 | D:13     | Found a gate to the Vaults.
 39567 | D:14     | Identified the +9 quarterstaff of Immorality {elec, Dex+6}
 39572 | D:14     | Identified the +1 robe of Twilight {rN++}
 39929 | D:14     | Identified the +10 halberd "Tasa" {flame, +Rage rF- rC++
                  | Str+4} (Trog gifted it to you on level 14 of the Dungeon)
 39929 | D:14     | Received a gift from Trog
 40045 | D:15     | Entered Level 15 of the Dungeon
 41328 | D:6      | Bought a manual of Fighting for 880 gold pieces
 41448 | Orc:1    | Entered Level 1 of the Orcish Mines
 41572 | Orc:2    | Entered Level 2 of the Orcish Mines
 41575 | Orc:2    | Noticed Nessos
 41601 | Orc:2    | Killed Nessos
 41608 | Orc:2    | Noticed Saint Roka
 41613 | Orc:1    | Received a gift from Trog
 43022 | Orc:2    | Killed Saint Roka
 43287 | Orc:2    | Reached XP level 18. HP: 122/122 MP: 6/18
 43569 | Orc:2    | Found a staircase to the Elven Halls.
 43701 | Orc:2    | Reached skill level 5 in Slings
 43715 | Orc:2    | Received a gift from Trog
 43716 | Orc:2    | Reached skill level 17 in Fighting
 43940 | Orc:2    | Paralysed by an ogre mage for 5 turns
 44049 | Orc:2    | Found Zuvid's Book Shoppe.
 44049 | Orc:2    | Found Gehotzypt's Antique Armour Boutique.
 44049 | Orc:2    | Found Volympoo's Magic Scroll Boutique.
 44049 | Orc:2    | Found Mus Ditz's Assorted Antiques.
 44062 | Orc:2    | Noticed Donald
 44085 | Orc:2    | Killed Donald
 45163 | D:15     | Reached skill level 15 in Armour
 45229 | D:15     | Identified the +4 trident "Inoaniph" {spect, *Slow +Rage
                  | rC+++ Int-2}
 45591 | D:15     | Found a stormy altar of Qazlal.
 45874 | D:15     | Found a staircase to the Depths.
 45896 | D:15     | Received a gift from Trog
 46179 | Lair:4   | Acquired a manual of Stealth
 46191 | Shoals:1 | Entered Level 1 of the Shoals
 46211 | Shoals:1 | Reached skill level 1 in Stealth
 46829 | Shoals:1 | Found Piabb's Distillery.
 46851 | Shoals:1 | Bought 2 potions of might for 104 gold pieces
 46851 | Shoals:1 | Bought a potion of might for 52 gold pieces
 47156 | Shoals:2 | Noticed Polyphemus
 47580 | Shoals:2 | Reached skill level 5 in Stealth
 47583 | Shoals:2 | Found Pefupso's Jewellery Boutique.
 47718 | Shoals:2 | Killed Polyphemus
 48562 | Shoals:2 | Identified the +9 broad axe of the Dungeon {flame, rCorr
                  | Dex+7} (Trog gifted it to you on level 2 of the Shoals)
 48562 | Shoals:2 | Received a gift from Trog
 49317 | Shoals:3 | Reached skill level 18 in Fighting
 49453 | Shoals:3 | Reached XP level 19. HP: 114/130 MP: 17/19
 50040 | Shoals:4 | Entered Level 4 of the Shoals
 50088 | Shoals:4 | Paralysed by an air elemental for 1 turns
 50094 | Shoals:4 | Received a gift from Trog
 50143 | Shoals:4 | Reached skill level 10 in Stealth
 50546 | Shoals:4 | Paralysed by an air elemental for 1 turns
 50561 | Shoals:4 | Paralysed by an air elemental for 1 turns
 50566 | Shoals:4 | Paralysed by an air elemental for 1 turns
 50570 | Shoals:4 | Paralysed by an air elemental for 1 turns
 50740 | Shoals:4 | Paralysed by an air elemental for 1 turns
 51072 | Shoals:4 | Paralysed by an air elemental for 1 turns
 51076 | Shoals:4 | Paralysed by an air elemental for 1 turns
 51084 | Shoals:4 | Paralysed by an air elemental for 1 turns
 51452 | Shoals:4 | Found a shimmering blue altar of Sif Muna.
 51709 | Shoals:4 | Noticed Nikola
 52171 | Vaults:1 | Entered Level 1 of the Vaults
 52869 | Vaults:1 | Received a gift from Trog
 53461 | Vaults:1 | Reached skill level 19 in Fighting
 54633 | Vaults:2 | Identified the +5 war axe of Wounding {vorpal, rC+ Dex+4
                  | Stlth+} (Trog gifted it to you on level 2 of the Vaults)
 54633 | Vaults:2 | Received a gift from Trog
 54648 | Vaults:2 | Reached XP level 20. HP: 139/139 MP: 20/20
 54784 | Vaults:2 | Noticed Mennas
 54803 | Vaults:2 | Killed Mennas
 55007 | Vaults:2 | Reached skill level 15 in Stealth
 55570 | Vaults:3 | Reached skill level 20 in Fighting
 56084 | Vaults:3 | Found a staircase to the Crypt.
 56095 | Vaults:3 | Noticed Xtahua
 56283 | Vaults:3 | Noticed Margery
 56338 | Vaults:3 | Noticed Jory
 56377 | Vaults:3 | Noticed Sojobo
 56717 | Vaults:2 | Paralysed by an air elemental for 1 turns
 56721 | Vaults:2 | Paralysed by an air elemental for 1 turns
 56726 | Vaults:2 | Killed Sojobo
 57329 | Vaults:3 | Received a gift from Trog
 58034 | Vaults:3 | Killed from afar by Margery

Illustrated notes

Levels and vault maps discovered:
D:1:      ncdulo_halloftheorcs, layout_rooms
D:2:      layout_loops_corners, basic_altar, serial_bayou_crossing
D:3:      layout_basic, mainiacjoe_overflow_chevrons,
          hellmonk_ecumenical_altar_leap_of_faith, serial_shops, shop
D:4:      layout_loops_ring, skrybe_limestone_x
D:5:      layout_cave_pools, kennysheep_orc_sif_temple,
          minmay_temple_entry_waves
D:6:      minmay_octagon_keep, layout_loops_cross,
          nicolae_ru_sacrificial_ziggurat, kennysheep_mini,
          minmay_misc_feat_plants, minmay_misc_feat_rugged,
          nicolae_shop_self_help
D:7:      layout_cave_pools, nicolae_ashenzari_panopticon,
          nicolae_tso_besieged_by_evil
D:8:      layout_gridville, bloody_makhleb, minmay_lair_entry_grove,
          sigmund_army, uniq_harold
D:9:      layout_rooms, kennysheep_little_box, uniq_joseph, uniq_erolcha,
          uniq_erica
D:10:     layout_basic, old_standard_altar, gammafunk_temple_overflow_claw,
          lemuel_old_faithful, uniq_psyche, uniq_gastronok, uniq_snorg
D:11:     layout_grid_maze, orc_0_dummy, serial_shops, nicolae_square_shop,
          minivault_19
D:12:     layout_cave_pools, serial_shops, shop, shop
D:13:     layout_long_grid, grunt_vaults_entry_fortified,
          einodemon_barbed_minivault
D:14:     layout_roguey, chequers_serial_rivers_room_a
D:15:     grunt_enter_depths_snipers, layout_basic, grunt_qazlal_clouds,
          minmay_mirror_moons_of_madness
Temple:   jpeg_temple_alley_garden
Lair:1:   layout_cave_pods, lemuel_fruit_tree, grunt_megastairs_5
Lair:2:   layout_roguey, serial_bayou_shore_a
Lair:3:   layout_concentric_octagons, beast_lair_carwin_9
Lair:4:   layout_roguey, minmay_shoals_entry_lonely_mermaid, dummy_spider_entry,
          nicolae_quartered_pool_medium
Lair:5:   layout_big_grid, gammafunk_ghost_berserking_beasts,
          serial_bayou_lagoon_b
Lair:6:   minmay_lair_end_frog_pond, layout_big_grid,
          minmay_slime_entry_pillars, serial_bayou, serial_bayou_ford_a,
          serial_bayou_lagoon_a, serial_bayou_pond_c, serial_bayou_shore_b,
          uniq_rupert, uniq_josephine
Shoals:1: layout_shoals, serial_shops, shop
Shoals:2: layout_shoals, serial_shops, shop_fountains, argonaut_gorgonesque,
          uniq_polyphemus
Shoals:3: layout_shoals
Shoals:4: shoals_end_hellmonk_storm_palace [storm_palace_center_ruins,
          storm_palace_corner_grid, storm_palace_corner_reverse_hut,
          storm_palace_corner_altar, storm_palace_corner_pillars], uniq_nikola
Spider:1: layout_spider_delve
Spider:2: layout_spider_delve
Spider:3: layout_spider_delve, einodemon_crawler_minivault
Spider:4: guppyfry_spider_rune, uniq_arachne
Orc:1:    layout_caves, basic_altar
Orc:2:    st_orc_ogre_mass, layout_caves, uniq_saint_roka, uniq_donald,
          uniq_nessos
Vaults:1: v_misc_17, st_squares, vaults_mumra_minichess,
          ontoclasm_vaults_loading_screen, vaults_room_corners, v_misc_8,
          grunt_vaults_diagonal, v_misc_8, vaults_dpeg_encased_lava,
          layout_vaults_ring
Vaults:2: hangedman_vaults_impose, nicolae_vaults_stairing_the_circle,
          hangedman_vaults_slice, nicolae_vaults_holding_cells,
          vaults_dpeg_cross, ontoclasm_vaults_pinch, layout_vaults_omnigrid,
          uniq_mennas
Vaults:3: vaults_room_door_hall, blue_anna_dwarven_crypt, v_misc_19,
          vaults_room_pool, st_lines, v_misc_15, v_misc_10,
          nicolae_vaults_diagonal_hallway_7, hangedman_vaults_hat,
          hangedman_vaults_slice, layout_vaults_chaotic_city, uniq_jory,
          uniq_sojobo, uniq_xtahua, uniq_margery

Skill      XL: |  1  2  3  4  5  6  7  8  9 10 11 12 13 14 15 16 17 18 19 20 |
---------------+-------------------------------------------------------------+-----
Axes           | 3 4 5 6 8 10 11 12 13 14 15 16 17 | 17.7
Fighting       | 4 6 9 10 11 12 13 14 15 16 18 19 20 | 20.7
Throwing       | 1 4 6 |  6.0
Armour         | 3 4 5 6 7 9 11 12 13 14 15 16 17 | 17.1
Shields        | 2 3 4 6 7 8 15 | 15.0
Maces & Flails | 3 |  3.0
Polearms       | 3 |  3.8
Evocations     | 1 4 |  4.7
Dodging        | 4 6 |  6.0
Slings         | 4 5 |  5.9
Stealth        | 8 14 15 | 15.0

Action                   |  1- 3 |  4- 6 |  7- 9 | 10-12 | 13-15 | 16-18 | 19-21 || total
-------------------------+-------+-------+-------+-------+-------+-------+-------++-------
Melee: Hand axe          |    79 |   205 |   396 |   502 |   611 |       |       ||  1793
       Spear             |       |       |       |    59 |    11 |       |       ||    70
       Battleaxe         |       |       |       |       |   433 |   352 |   112 ||   897
       Broad axe         |       |       |       |       |    25 |   964 |   556 ||  1545
       Halberd           |       |       |       |       |       |   103 |       ||   103
       Demon trident     |       |       |       |       |       |     5 |     9 ||    14
       Trishula          |       |       |       |       |       |       |    10 ||    10
 Fire: Hunting sling     |       |       |       |       |       |    42 |     4 ||    46
Throw: Boomerang         |    17 |    57 |   116 |   104 |   182 |     1 |       ||   477
       Dart              |       |       |       |       |     3 |    87 |    16 ||   106
       Throwing net      |       |       |       |       |     1 |     4 |       ||     5
       Javelin           |       |       |       |       |       |     9 |    14 ||    23
Invok: Berserk           |       |       |       |    17 |    18 |    15 |    14 ||    64
       Trog's Hand       |       |       |       |     1 |     2 |       |     2 ||     5
       Brothers in Arms  |       |       |       |       |     2 |     2 |     2 ||     6
Evoke: Wand              |       |       |       |    12 |     4 |     1 |     2 ||    19
       Phantom mirror    |       |       |       |       |     1 |       |     1 ||     2
       Piece from Xom's  |       |       |       |       |       |     1 |       ||     1
  Use: Scroll            |       |     1 |     7 |    10 |     6 |     9 |     6 ||    39
       Potion            |       |       |     2 |       |     6 |     1 |     2 ||    11
 Stab: Held in net/web   |       |       |       |       |       |     2 |       ||     2
       Confused          |       |       |       |       |       |     1 |       ||     1
       Sleeping          |       |       |       |       |       |       |     1 ||     1
Armor: Leather armour    |     3 |       |       |       |       |       |       ||     3
       Scale mail        |    39 |    45 |    82 |       |       |       |    64 ||   230
       Ring mail         |       |    74 |    95 |   186 |    24 |       |       ||   379
       Plate armour      |       |       |       |       |   693 |   892 |   310 ||  1895
       Skin              |       |       |       |       |     3 |       |       ||     3
Dodge: Dodged            |    52 |    79 |   127 |   162 |   429 |   479 |   206 ||  1534
Block: Kite shield       |       |    74 |   220 |   295 |   290 |   619 |   355 ||  1853
       Reflection        |       |       |       |       |       |     1 |    32 ||    33
